[Event "UK Open Blitz Championships 2024 - London Qualifier"]
[Site "London, United Kingdom"]
[Date "2024.09.21"]
[Round "6.3"]
[White "Wilks, Simon"]
[Black "Badacsonyi, Stanley"]
[Result "0-1"]
[TimeControl "3 minutes + 2 seconds incr. from move 1"]
[BlackTitle "FM"]
[WhiteFideId "427357"]
[BlackFideId "486973"]
[WhiteElo "2066"]
[BlackElo "2332"]

1. e4 e5 2. Nf3 Nc6 3. Bb5 a6 4. Ba4 d6 5. c3 Bd7 6. O-O g6 7. d4 Bg7 8. Re1 Nge7 9. Be3 O-O 10. Nbd2 h6 11. Nf1 f5 12. exf5 Nxf5 13. Bb3+ Kh7 14. dxe5 Nxe5 15. Ng3 Nxe3 16. Rxe3 Bg4 17. Bc2 Bxf3 18. gxf3 Qg5 19. Kh1 h5 20.
Qe2 Kh8 21. Rg1 Qh4 22. Ne4 Rf4 23. Ng5 Bh6 24. Rxe5 dxe5 25. Qxe5+ Bg7 26. Qxc7 Raf8 27. Bxg6 R4f6 28. Bb1 Qxf2 29. Qc4 Rxf3 30. Qe4 R3f5 31. a3 Be5 32. Nf7+ R8xf7 33. Qd5 Qxh2# 0-1

[Event "UK Open Blitz Championships 2024 - London Qualifier"]
[Site "London, United Kingdom"]
[Date "2024.09.21"]
[Round "6.4"]
[White "Kirk, Ezra"]
[Black "Han, Yichen"]
[Result "1-0"]
[TimeControl "3 minutes + 2 seconds incr. from move 1"]
[WhiteTitle "IM"]
[BlackTitle "IM"]
[WhiteFideId "600067"]
[BlackFideId "1054430"]
[WhiteElo "2219"]
[BlackElo "2350"]

1. d4 Nf6 2. Nf3 d5 3. Bg5 Ne4 4.
Bh4 c5 5. dxc5 Nc6 6. Nbd2 Nxc5 7. e3 Qb6 8. Rb1 Bf5 9. a3 e6 10. b4 Na4 11. Rb3 a5 12. b5 Na7 13. c4 Nc5 14.
Rc3 a4 15. Be2 Bd6 16. O-O O-O 17.
Nd4 Bg6 18. cxd5 exd5 19. Bg3 Be7 20.
N2f3 Ne4 21. Rc1 Bxa3 22. Ra1 Bb2 23. Ne5 Bxa1 24. Qxa1 Bf5 25. Nxf5 Qf6 26. Nd4 Nxg3 27. hxg3 Qxe5 28. Qxa4 Nc6 29. Nxc6 bxc6 30. Qg4 c5 31. b6 Rab8 32. Rb1 c4 33. Qd7 Qe4 34. Qb5 Rb7 35. Bf3 Qc2 36. Bxd5 Rd7 37. Bxc4 Rd2 38. b7 Rxf2 39.
Bd5 Rf6 40. Bf3 Rb8 41. g4 Rd6 42.
g5 Rdd8 43. Qb6 Qf5 44. Qxd8+ Rxd8 45. b8=Q Rf8 46. Qb5 Qe6 47. Qc5 Qg6 48. Rc1 Re8 49. Kh2 h6 50. gxh6 Qxh6+ 51. Kg1 Rxe3 52. Qc8+ Kh7 53. Qf5+ g6 54. Qxf7+ Qg7 55. Qxg7+ Kxg7 56. Rc7+ Kf6 57. Rc5 Ra3 58.
Kf2 Ra4 59. Kg3 Kg7 60. Rc6 Kh6 61. Bd1 Ra3+ 62. Kh4 Ra2 63. Bc2 Kg7 64. Rxg6+ Kf7 65. Rc6 Kg7 66. g4 Ra1 67. Bf5 Ra8 68. Kg5 Kh8 69. Rc7 Rg8+ 70. Kh6 Rg7 71. Rc8+ Rg8 72. Rxg8+ Kxg8 73. g5 1-0

[Event "UK Open Blitz Championships 2024 - London Qualifier"]
[Site "London, United Kingdom"]
[Date "2024.09.21"]
[Round "6.5"]
[White "Ghasi, Ameet K"]
[Black "Coleman, Robbie"]
[Result "1-0"]
[TimeControl "3 minutes + 2 seconds incr. from move 1"]
[WhiteTitle "IM"]
[WhiteFideId "409200"]
[BlackFideId "2461323"]
[WhiteElo "2524"]
[BlackElo "2000"]

1. Nf3 d5 2. g3 g6 3.
Bg2 Bg7 4. d4 c6 5. O-O Nf6 6. c4 dxc4 7. Nc3 b5 8. Ne5 Nd5 9. a4 Nxc3 10. bxc3 Bxe5 11. dxe5 Qc7 12. Bh6 Bb7 13.
e6 fxe6 14. Qd4 e5 15. Qe3 Nd7 16.
axb5 cxb5 17. Rxa7 Rxa7 18. Qxa7 Nc5 19. Be3 O-O 20. Qxc5 Qxc5 21. Bxc5 Bxg2 22. Kxg2 Re8 23. Rb1 Rd8 24. Rxb5 Rd2 25. Be3 Rc2 26.
Rxe5 Rxc3 27. Rxe7 Rc2 28. Rc7 h5 29. Bd4 Rxe2 30. Rxc4 Kf7 31. Be3 Ra2 32. Rc7+ Ke6 33. Rc6+ Kf5 34.
h3 Ra4 35. Kf3 g5 36. Rc5+ 1-0

[Event "UK Open Blitz Championships 2024 - London Qualifier"]
[Site "London, United Kingdom"]
[Date "2024.09.21"]
[Round "7.1"]
[White "Royal, Shreyas"]
[Black "Badacsonyi, Stanley"]
[Result "1/2-1/2"]
[TimeControl "3 minutes + 2 seconds incr. from move 1"]
[WhiteTitle "IM"]
[BlackTitle "FM"]
[WhiteFideId "448869"]
[BlackFideId "486973"]
[WhiteElo "2331"]
[BlackElo "2332"]

1. Nf3 Nf6 2. d4 g6 3. Nc3 d5 4. Bf4 Bg7 5. Nb5 Na6 6. e3 O-O 7. Be2 Ne4 8. O-O c6 9. Nc3 Nxc3 10. bxc3 c5 11.
Rb1 Nb8 12. c4 cxd4 13. exd4 Nc6 14. cxd5 Qxd5 15. c4 Qe4 16. Be3 Rd8 17. h3 Nxd4 18. Nxd4 Bxd4 19. Bf3 Qe5 20. Rb5 Qf6 21. Bd5 Be5 22. Qc1 a6 23. Rb6 Qf5 24. Rd1 Bc7 25. Rb3 Qe5 26. f4 Qf6 27. Rf1 Be6 28. Bxb7 Rab8 29. Ba7 Rbc8 30.
Bxc8 Rxc8 31. Rd3 Bxc4 32. Bd4 Bxd3 33.
Bxf6 Bb6+ 34. Kh2 Rxc1 35. Rxc1 exf6 36. Rc6 Be3 37. Rc3 Bxf4+ 38. g3 Bb1 39. gxf4 Bxa2 40. Rc6 a5 41. Ra6 Be6 42. Rxa5 Kg7 43. h4 h6 44. Kg3 h5 45. Kf2 f5 46. Ke3 Kf6 47. Kd4 Bb3 48. Ra7 Be6 49. Kc5 Bb3 50. Kd6 Be6 51. Kc7 Bb3 52. Kd8 Ke6 53. Ke8 f6 54. Ra5 g5 55.
hxg5 fxg5 56. fxg5 f4 57. g6 Kf6 58. Ra6+ Kg7 59. Ke7 Bc2 60. Ke6 Kxg6 61. Ke5+ Kg5 1/2-1/2

[Event "UK Open Blitz Championships 2024 - London Qualifier"]
[Site "London, United Kingdom"]
[Date "2024.09.21"]
[Round "7.2"]
[White "Turner, Max N"]
[Black "Kirk, Ezra"]
[Result "0-1"]
[TimeControl "3 minutes + 2 seconds incr. from move 1"]
[WhiteTitle "CM"]
[BlackTitle "IM"]
[WhiteFideId "447722"]
[BlackFideId "600067"]
[WhiteElo "2157"]
[BlackElo "2219"]

1. d4 Nc6 2. Nf3 d6 3. g3 g6 4. Bg2 Bg7 5. O-O Nf6 6. c4 O-O 7. Nc3 a6 8. Bf4 Bd7 9. Rc1 e6 10. e4 Nh5 11.
Bg5 f6 12. Be3 e5 13. d5 Ne7 14.
Nd2 f5 15. exf5 Nxf5 16. Nde4 Nxe3 17. fxe3 Bh6 18. Qe2 Qe7 19. Rcd1 Ng7 20. c5 Nf5 21. Rd3 Rf7 22. c6 bxc6 23.
dxc6 Be6 24. Nd2 Raf8 25. Nd5 Qd8 26. Ra3 Kh8 27. Rxa6 Bxd5 28. Bxd5 Bxe3+ 29. Kg2 Bxd2 30. Qxd2 Nh4+ 31.
gxh4 Rxf1 32. Qg5 R8f2+ 33. Kh3 Qc8+ 34. Qg4 Rf3+ 35. Bxf3 Rxf3+ 0-1

[Event "UK Open Blitz Championships 2024 - London Qualifier"]
[Site "London, United Kingdom"]
[Date "2024.09.21"]
[Round "7.3"]
[White "Ghasi, Ameet K"]
[Black "Shafi, Declan"]
[Result "1-0"]
[TimeControl "3 minutes + 2 seconds incr. from move 1"]
[WhiteTitle "IM"]
[WhiteFideId "409200"]
[BlackFideId "2405156"]
[WhiteElo "2524"]
[BlackElo "2113"]

1. Nf3 Nf6 2. g3 d5 3. Bg2 e6 4. O-O Be7 5.
d3 O-O 6. Nbd2 c5 7. e4 dxe4 8. dxe4 Nc6 9. Re1 Rb8 10. e5 Nd5 11. c3 b5 12. h4 b4 13. Qc2 bxc3 14. bxc3 Qa5 15. Ne4 Ba6 16. Neg5 g6 17. Bd2 Qa3 18.
Rab1 Bc4 19. Qe4 Rxb1 20. Rxb1 Qxa2 21. h5 f5 22. exf6 Nxf6 23. Qe1 h6 24. Ra1 Qc2 25. Nxe6 Re8 26. Nc7 Rc8 27. Ne5 Nxe5 28.
Qxe5 Qf5 29. Qxe7 Ng4 30. Bf4 g5 31. Be4 Qf7 32. Qxf7+ Kxf7 33. Bd6 Nf6 34.
Bf5 Rd8 35. Bxc5 Nxh5 36. Bd4 Nf6 37.
Rxa7 Nd7 1-0

[Event "UK Open Blitz Championships 2024 - London Qualifier"]
[Site "London, United Kingdom"]
[Date "2024.09.21"]
[Round "7.4"]
[White "Lucchi, Lorenzo"]
[Black "Gasanov, Eldar"]
[Result "0-1"]
[TimeControl "3 minutes + 2 seconds incr. from move 1"]
[BlackTitle "GM"]
[WhiteFideId "821160"]
[BlackFideId "14104466"]
[WhiteElo "2153"]
[BlackElo "2467"]

1. e4 c5 2. Nf3 Nc6 3. c3 e5 4. d4 exd4 5. cxd4 cxd4 6. Nxd4 Nf6 7. Nxc6 dxc6 8. Qxd8+ Kxd8 9. Bg5 Be7 10. Nc3 Be6 11.
O-O-O+ Kc7 12. e5 Ng8 13. Be3 h5 14. Be2 Nh6 15. Bxh5 Nf5 16. Bf3 Nxe3 17. fxe3 Bg5 18. Kd2 Rad8+ 19. Ke2 Rxd1 20. Kxd1 Bxe3 21.
h3 Rd8+ 22. Ke2 Bf4 23. Bg4 Bc4+ 24. Kf3 Bxe5 25. Re1 Rd3+ 26. Ke4 Bxc3 27. bxc3 Rxc3 28. Kd4 Rc2 29. Re7+ Kb6 30. Bc8 Ba6 31. g4 Rd2+ 32. Kc3 Rd3+ 33. Kb2 Rxh3 34. Rxf7 Rh2+ 35. Kb1 g6 36. Rg7 Bd3+ 37. Ka1 Kc5 38.
Bxb7 Rg2 39. Bc8 Bc4 40. a3 Bd3 41. Rxa7 Kd4 42. Rd7+ Kc3 43. Rb7 Rg1+ 44. Ka2 Bc4+ 0-1

[Event "UK Open Blitz Championships 2024 - London Qualifier"]
[Site "London, United Kingdom"]
[Date "2024.09.21"]
[Round "8.1"]
[White "Kirk, Ezra"]
[Black "Royal, Shreyas"]
[Result "0-1"]
[TimeControl "3 minutes + 2 seconds incr. from move 1"]
[WhiteTitle "IM"]
[BlackTitle "IM"]
[WhiteFideId "600067"]
[BlackFideId "448869"]
[WhiteElo "2219"]
[BlackElo "2331"]

1. e4 e5 2. Nf3 Nc6 3. Nc3 Nf6 4. Bb5 Bc5 5. O-O O-O 6.
Nxe5 Nxe5 7. d4 Bxd4 8. Qxd4 Nc6 9. Bxc6 dxc6 10. Qxd8 Rxd8 11. Bg5 Re8 12. Bxf6 gxf6 13. Rfe1 Be6 14.
Rad1 Rad8 15. a3 c5 16. f3 c6 17. Rxd8 Rxd8 18. Rd1 Re8 19. g4 Kf8 20. Kf2 Ke7 21. Ne2 b5 22. Ke3 a5 23. Nf4 Rb8 24. Nd3 c4 25. Nc5 a4 26. c3 h5 27. gxh5 Rh8 28. Nxe6 fxe6 29. h4 Rxh5 30. Rh1 e5 31. f4 c5 32. f5 Kf7 33. Kf3 Rh8 34. h5 Rd8 35.
h6 Kg8 36. Rg1+ Kh7 37. Rg6 Rd3+ 38. Ke2 Rd6 39. Ke3 Rb6 40.
Rg7+ Kxh6 41. Rc7 b4 42.
Rxc5 bxa3 43. bxa3 Rb3 44. Rxc4 Rxa3 45. Rc6 Kg5 46. Kd3 Ra2 47. Ra6 a3 48. c4 Ra1 49. c5 Rc1 50. Rxa3 Rxc5 51. Ke3 Kg4 52. Ra6 Rc3+ 53. Ke2 Kf4 54. Rxf6 Kxe4 55. Rf8 Rc2+ 56. Kd1 Rf2 57. f6 Ke3 58. f7 e4 59. Ke1 Rh2 60. Kf1 Rh7 61. Kg2 Rg7+ 62. Kf1 Kf3 63. Ke1 e3 64.
Kd1 Kf2 65. Re8 Rxf7 66. Re6 Rd7+ 67. Kc2 e2 68. Rf6 Ke1 69. Rf8 Rd5 0-1

[Event "UK Open Blitz Championships 2024 - London Qualifier"]
[Site "London, United Kingdom"]
[Date "2024.09.21"]
[Round "8.2"]
[White "Badacsonyi, Stanley"]
[Black "Ghasi, Ameet K"]
[Result "0-1"]
[TimeControl "3 minutes + 2 seconds incr. from move 1"]
[WhiteTitle "FM"]
[BlackTitle "IM"]
[WhiteFideId "486973"]
[BlackFideId "409200"]
[WhiteElo "2332"]
[BlackElo "2524"]

1. d4 Nf6 2. Bg5 g6 3. Bxf6 exf6 4. c4 d5 5. cxd5 Qxd5 6. Nc3 Qd8 7. e3 Bg7 8. h4 h5 9. Bc4 O-O 10.
Nge2 Nc6 11. Nf4 Na5 12. Bd3 f5 13. Rc1 Re8 14. Kf1 a6 15. b4 Nc6 16. Bc4 Qd6 17. a3 Bh6 18. Ncd5 Bd7 19. Rh3 Kf8 20. Bb3 Re4 21. Rf3 Rd8 22. g3 Ree8 23. Nd3 Be6 24.
N5f4 Bc8 25. Nc5 Ne7 26. e4 Qxd4 27. Qc2 c6 28. Rd1 Qf6 29. Rxd8 Rxd8 30. exf5 Bxf5 31. Qc4 Bxf4 32. Qxf4 Nd5 33. Qh6+ Kg8 34. Kg2 Bh3+ 35. Kxh3 Qxf3 36. Kh2 Qxf2+ 37. Kh3 Qf1+ 38. Kh2 Qe2+ 39.
Kh3 Re8 40. Nd7 Qg4+ 0-1

[Event "UK Open Blitz Championships 2024 - London Qualifier"]
[Site "London, United Kingdom"]
[Date "2024.09.21"]
[Round "8.3"]
[White "Gasanov, Eldar"]
[Black "Korshunov, Sergey"]
[Result "1/2-1/2"]
[TimeControl "3 minutes + 2 seconds incr. from move 1"]
[WhiteTitle "GM"]
[BlackTitle "FM"]
[WhiteFideId "14104466"]
[BlackFideId "34274715"]
[WhiteElo "2467"]
[BlackElo "2278"]

1. d4 Nf6 2. c4 e6 3. Bg5 d5 4. e3 Be7 5. Nc3 O-O 6. Nf3 h6 7. Bh4 b6 8. Qc2 Bb7 9.
Bxf6 Bxf6 10. cxd5 exd5 11. Rd1 c6 12. g3 Re8 13. Bg2 Na6 14. O-O Nc7 15. Rd2 Be7 16. Rfd1 Bd6 17. a3 Qe7 18. Ne2 Ne6 19. h4 Rac8 20.
Qb1 c5 21. dxc5 Nxc5 22. Nc3 Ne4 23.
Nxe4 dxe4 24. Rxd6 exf3 25. Rd7 Qe4 26. Qxe4 Bxe4 27. Bh3 Rc2 28. R7d2 Rxd2 29. Rxd2 f5 30. g4 g6 31. Kh2 Rc8 32. h5 gxh5 33. gxf5 h4 34. Rd4 Re8 35. Bf1 Bxf5 36. Rxh4 Kg7 37. Rf4 Be4 38. Bb5 Re5 39. Bd7 Bb7 40. Bg4 Rc5 41. Bxf3 Bxf3 42. Rxf3 Rc2 43. b4 Rc3 44. a4 Ra3 45. a5 bxa5 46.
bxa5 Rxa5 47. Rf4 Ra1 48. Kg3 a5 49. Rc4 a4 50. Rc6 a3 51. Ra6 h5 52. Kg2 Kf7 53. f4 a2 54. f5 Re1 55. Rxa2 Rxe3 1/2-1/2

[Event "UK Open Blitz Championships 2024 - London Qualifier"]
[Site "London, United Kingdom"]
[Date "2024.09.21"]
[Round "8.4"]
[White "Roberson, Peter T"]
[Black "Yoon, Jacob D"]
[Result "1-0"]
[TimeControl "3 minutes + 2 seconds incr. from move 1"]
[WhiteTitle "IM"]
[BlackTitle "CM"]
[WhiteFideId "412384"]
[BlackFideId "446076"]
[WhiteElo "2346"]
[BlackElo "1921"]

1. e4 c6 2. d4 d5 3. e5 c5 4. dxc5 e6 5. c3 Nc6 6. Nf3 Bxc5 7. b4 Be7 8. b5 Na5 9. Bd3 Qc7 10. O-O Nc4 11. Qe2 Bd7 12.
a4 Rc8 13. Nbd2 f5 14. Bxc4 dxc4 15. Nd4 Nh6 16. N2f3 Nf7 17. Ba3 Bxa3 18. Rxa3 g5 19.
Re1 g4 20. Nd2 h5 21. Nxf5 exf5 22. e6 Kf8 23. exf7 Qc5 24. Nxc4 Kxf7 25. Ne5+ Kg7 26. Nxd7 Qxa3 27. Qe5+ Kh6 28. Qf6+ Kh7 29. Qf7+ Kh6 30.
Re6+ Kg5 31. h4+ gxh3 32. Qg7+ Kf4 33.
Qg3# 1-0

[Event "UK Open Blitz Championships 2024 - London Qualifier"]
[Site "London, United Kingdom"]
[Date "2024.09.21"]
[Round "8.5"]
[White "Banerjee, Supratit"]
[Black "Turner, Max N"]
[Result "0-1"]
[TimeControl "3 minutes + 2 seconds incr. from move 1"]
[WhiteTitle "CM"]
[BlackTitle "CM"]
[WhiteFideId "2410079"]
[BlackFideId "447722"]
[WhiteElo "2138"]
[BlackElo "2157"]

1. e4 c6 2. d4 d5 3. Nd2 dxe4 4. Nxe4 Bf5 5. Ng3 Bg6 6.
h4 h6 7. Nf3 Nd7 8. c3 e6 9. Bd3 Bxd3 10. Qxd3 Ngf6 11. Be3 Bd6 12. Ne4 Nxe4 13. Qxe4 Nf6 14. Qc2 Qc7 15. O-O-O Nd5 16. c4 Nxe3 17. fxe3 O-O-O 18. c5 Be7 19. Ne5 Bf6 20. Nc4 Be7 21. Rdf1 Rhf8 22. Ne5 Bf6 23.
Nc4 Be7 24. Ne5 Bf6 25. Nc4 Kb8 26.
Nd6 e5 27. Rd1 exd4 28. exd4 Be7 29. Nf5 Rd5 30. Kb1 Bf6 31. g4 Qf4 32. Rhf1 Qc7 33. Qf2 g6 34. Nd6 Be7 35. Nxf7 a6 36. Qe2 Bxh4 37. Ne5 Rfd8 38.
Qe4 Bg5 39. Rf7 Rxe5 40. Qxg6 Re7 41. Rf3 Rde8 42. Rb3 Re6 43. Qd3 Ka8 44. Rb6 Qc8 45. Kc2 Re2+ 46. Kb1 Re1 47. Rxe1 Rxe1+ 48. Kc2 Rc1+ 49. Kb3 Qe6+ 50. Ka3 Qe3 51.
Qxe3 Bxe3 52. d5 Bxc5+ 53. b4 Bxb6 54. d6 Rd1 55. Ka4 Rxd6 56. a3 Rd3 57. g5 hxg5 58.
b5 cxb5+ 59. Kb4 Bc7 60. Kc5 Rxa3 61. Kb4 Bd6# 0-1

[Event "UK Open Blitz Championships 2024 - London Qualifier"]
[Site "London, United Kingdom"]
[Date "2024.09.21"]
[Round "9.1"]
[White "Royal, Shreyas"]
[Black "Roberson, Peter T"]
[Result "1-0"]
[TimeControl "3 minutes + 2 seconds incr. from move 1"]
[WhiteTitle "IM"]
[BlackTitle "IM"]
[WhiteFideId "448869"]
[BlackFideId "412384"]
[WhiteElo "2331"]
[BlackElo "2346"]

1. Nf3 c5 2. c4 Nc6 3. Nc3 e6 4. e3 Nf6 5. d4 d5 6. a3 cxd4 7. exd4 Be7 8. Bd3 dxc4 9. Bxc4 O-O 10. O-O a6 11. Bd3 b5 12.
Bg5 Bb7 13. Rc1 h6 14. Bf4 b4 15. axb4 Nxb4 16. Bb1 Rc8 17. Ne5 Nbd5 18. Bg3 Qb6 19. Nxd5 Bxd5 20. Rxc8 Rxc8 21. Bh4 Qxb2 22. Bxf6 Bxf6 23. Qd3 Rc1 24. f3 Bxe5 25. dxe5 Rxf1+ 26. Qxf1 Qxe5 27. h3 a5 28. Qd3 g6 29. Bc2 Kg7 30. Qb5 Qe1+ 31. Kh2 Qd2 32. Qb2+ Kh7 33. Bxg6+ 1-0

[Event "UK Open Blitz Championships 2024 - London Qualifier"]
[Site "London, United Kingdom"]
[Date "2024.09.21"]
[Round "9.2"]
[White "Ghasi, Ameet K"]
[Black "Gasanov, Eldar"]
[Result "1/2-1/2"]
[TimeControl "3 minutes + 2 seconds incr. from move 1"]
[WhiteTitle "IM"]
[BlackTitle "GM"]
[WhiteFideId "409200"]
[BlackFideId "14104466"]
[WhiteElo "2524"]
[BlackElo "2467"]

1. Nf3 d5 2. c4 d4 3. g3 c5 4. b4 cxb4 5. a3 bxa3 6. Bxa3 Nc6 7. Bg2 g6 8. d3 Bg7 9. Nbd2 Nf6 10. O-O O-O 11. Qa4 Qc7 12. Rfb1 Rd8 13.
Ng5 Bd7 14. Nde4 b6 15. Nxf6+ Bxf6 16. Ne4 Bg7 17. Bc1 h6 18. h4 Ne5 19. Qa3 Bc6 20. Bf4 Qb7 21. Qa6 Qd7 22. Bxe5 Bxe5 23.
Nc5 Qc7 24. Bxc6 Qxc6 25. Ne4 Rdc8 26.
Rb5 Bg7 27. Nd2 e5 28. Rd5 Kh7 29. Nf3 Qe6 30. Nd2 Qg4 31. Kf1 Qh3+ 32. Kg1 Qg4 33.
Re1 Rc7 34. Kg2 Qe6 35. Qb5 Rac8 36.
Qa6 Qc6 37. Kg1 Rd7 38. Rb5 Qc7 39. Reb1 Bf8 40. Nf3 Bd6 41. Nd2 Re8 42. Ne4 Be7 43. c5 bxc5 44. Rb7 Qc8 45. Qxa7 Red8 46. h5 gxh5 47. R1b6 h4 48. g4 Rxb7 49. Rxb7 Qxg4+ 50. Kf1 Rg8 51. Ke1 Qf4 52. e3 dxe3 53. Rxe7 exf2+ 54. Nxf2 Qe3+ 55. Kf1 Qc1+ 56. Ke2 Qc2+ 57. Ke3 Qc1+ 58. Ke2 Qc2+ 59. Ke3 Qc1+ 60. Ke4 Qf4+ 61. Kd5 Qd4+ 62. Kc6 Rc8+ 63. Kb7 Rf8 64. Ne4 Qxd3 65. Nxc5 Qd5+ 66. Kc7 e4 67. Nxe4 Qf5 68. Qd4 Kg6 69. Rd7 h3 70. Qd6+ Kg7 71. Qg3 Kh7 72.
Qd3 Qe5+ 73. Nd6 Kg7 1/2-1/2

[Event "UK Open Blitz Championships 2024 - London Qualifier"]
[Site "London, United Kingdom"]
[Date "2024.09.21"]
[Round "9.3"]
[White "Korshunov, Sergey"]
[Black "Turner, Max N"]
[Result "1-0"]
[TimeControl "3 minutes + 2 seconds incr. from move 1"]
[WhiteTitle "FM"]
[BlackTitle "CM"]
[WhiteFideId "34274715"]
[BlackFideId "447722"]
[WhiteElo "2278"]
[BlackElo "2157"]

1. d4 d5 2. c4 e6 3. Nc3 Nf6 4. Nf3 Be7 5. Bg5 O-O 6. e3 h6 7. Bh4 b6 8. Qc2 Bb7 9.
Rd1 Nbd7 10. Be2 Ne4 11. Bxe7 Qxe7 12. O-O Rac8 13. Nxe4 dxe4 14. Nd2 f5 15. f3 Qg5 16. f4 Qe7 17. Qa4 a6 18. b4 Nf6 19.
Qb3 Rfd8 20. a4 c5 21. dxc5 bxc5 22. b5 axb5 23. axb5 e5 24. Nb1 exf4 25. Rxf4 Qe6 26. Rdf1 g6 27. g4 Qe5 28. gxf5 g5 29. R4f2 Rd6 30. Qc3 Qe7 31. Rg2 Rcd8 32. h4 Rd3 33. hxg5 hxg5 34. Bxd3 exd3 35. Rxg5+ Kf8 36. Rg6 Qxe3+ 37. Rf2 Rd4 38. Rxf6+ Ke7 39. Re6+ Qxe6 40. fxe6 Rg4+ 41. Kf1 Rh4 42. Qf6+ Kd6 43. Qxh4 1-0

[Event "UK Open Blitz Championships 2024 - London Qualifier"]
[Site "London, United Kingdom"]
[Date "2024.09.21"]
[Round "9.4"]
[White "Mirzoeva, Elmira"]
[Black "Kirk, Ezra"]
[Result "1/2-1/2"]
[TimeControl "3 minutes + 2 seconds incr. from move 1"]
[WhiteTitle "WGM"]
[BlackTitle "IM"]
[WhiteFideId "4127951"]
[BlackFideId "600067"]
[WhiteElo "2094"]
[BlackElo "2219"]

1. d4 Nf6 2. c4 g6 3.
Nc3 Bg7 4. e4 d6 5. Nf3 O-O 6. Be2 Nbd7 7. Be3 e5 8. O-O Ng4 9. Bg5 f6 10. Bc1 Nh6 11. h3 Nf7 12.
Be3 Bh6 13. Bxh6 Nxh6 14. Qd2 Nf7 15. Rad1 b6 16. Rfe1 Bb7 17. Bf1 Qe7 18. Nd5 Bxd5 19. cxd5 a5 20. Rc1 Ra7 21. Rc2 Rc8 22.
Bb5 Nd8 23. Rec1 exd4 24. Nxd4 Nc5 25. f3 Raa8 26. b3 Qe5 27. a3 a4 28. bxa4 Ndb7 29. Nc6 Qg3 30. Ne7+ Kg7 31. Nxc8 Rxc8 32. Qd4 Na5 33. Qf2 Qe5 34. Rb1 g5 35. Qe3 h5 36. Qc3 h4 37. Qxe5 fxe5 38. Kf2 Nab3 39.
Ke3 Nd4 40. Rc4 Ra8 41. Rbb4 Kf6 42. Bc6 Ra5 43. Bb5 Ra7 44. Bc6 Ra5 45. Bb5 Ra8 46. Rxd4 exd4+ 47. Kxd4 Ra7 48. Bc6 Ra5 49.
Bb5 Ra8 50. Bc6 Ra7 1/2-1/2

[Event "UK Open Blitz Championships 2024 - London Qualifier"]
[Site "London, United Kingdom"]
[Date "2024.09.21"]
[Round "10.1"]
[White "Royal, Shreyas"]
[Black "Korshunov, Sergey"]
[Result "1/2-1/2"]
[TimeControl "3 minutes + 2 seconds incr. from move 1"]
[WhiteTitle "IM"]
[BlackTitle "FM"]
[WhiteFideId "448869"]
[BlackFideId "34274715"]
[WhiteElo "2331"]
[BlackElo "2278"]

1. d4 Nf6 2. c4 e6 3. Nf3 d5 4. Nc3 Be7 5. Bf4 O-O 6. e3 b6 7. Qc2 Bb7 8. Rc1 c5 9. cxd5 Nxd5 10. Nxd5 Bxd5 11. dxc5 Bxc5 12. a3 a5 13. Bd3 h6 14. O-O Nd7 15. Rfd1 Qe7 16. Bb5 Nf6 17. Ne5 Rac8 18.
Qe2 Rfd8 19. Bg3 Ne4 20. Bf4 Nd6 21. Bd3 Be4 22.
Bxe4 Nxe4 23. Rxd8+ Qxd8 24. Rd1 Qf6 25. Nd7 Qe7 26. Nxc5 Rxc5 27. Qf3 Rd5 28. Rc1 Nf6 29. h3 e5 30. Bg3 Rd2 31. Bh4 Qe6 32. Rc6 Qd5 33. Bxf6 Qxf3 34. gxf3 gxf6 35. Rxb6 Kg7 36. b3 a4 37. bxa4 Rd3 38. a5 Rxa3 39. a6 Ra2 40. Kg2 f5 41. Kg3 f6 42. Rb7+ Kg6 43. a7 h5 44.
h4 Ra1 45. Kg2 Kh6 46. f4 e4 47. Rc7 Kg6 48. Rd7 Kh6 49.
f3 Kg6 50. Re7 Ra2+ 51. Kg3 Ra3 52.
fxe4 Rxe3+ 53. Kf2 Ra3 54. e5 fxe5 55. fxe5 f4 56. Ke2 Kf5 57. Kd2 f3 58. e6 Kf6 59. Re8 Rxa7 60. Rf8+ Kxe6 61. Rxf3 Ra4 1/2-1/2

[Event "UK Open Blitz Championships 2024 - London Qualifier"]
[Site "London, United Kingdom"]
[Date "2024.09.21"]
[Round "10.2"]
[White "Kirk, Ezra"]
[Black "Ghasi, Ameet K"]
[Result "0-1"]
[TimeControl "3 minutes + 2 seconds incr. from move 1"]
[WhiteTitle "IM"]
[BlackTitle "IM"]
[WhiteFideId "600067"]
[BlackFideId "409200"]
[WhiteElo "2219"]
[BlackElo "2524"]

1. e4 d6 2. d4 g6 3.
Nc3 Nf6 4. h3 Bg7 5. Be3 a6 6.
g4 b5 7.
Bg2 Bb7 8. a3 Nbd7 9. Nge2 c5 10. dxc5 Nxc5 11. Ng3 Rc8 12. O-O Nfd7 13. f4 O-O 14. Qe1 a5 15. Rd1 b4 16. axb4 axb4 17. Nd5 Bxd5 18. exd5 Na4 19.
b3 Nc3 20. Rd4 Bxd4 21. Bxd4 Nb5 22. Ba1 Rxc2 23. Qxb4 Qb6+ 24. Kh1 Ra8 25. Qe4 Rca2 26. Qxe7 Rxa1 27. Qxd7 Qe3 28. Qxb5 Qxg3 29. b4 Qxf4 30.
Qb6 Rxf1+ 0-1

[Event "UK Open Blitz Championships 2024 - London Qualifier"]
[Site "London, United Kingdom"]
[Date "2024.09.21"]
[Round "10.3"]
[White "Gasanov, Eldar"]
[Black "Czopor, Maciej"]
[Result "1-0"]
[TimeControl "3 minutes + 2 seconds incr. from move 1"]
[WhiteTitle "GM"]
[BlackTitle "FM"]
[WhiteFideId "14104466"]
[BlackFideId "21805431"]
[WhiteElo "2467"]
[BlackElo "2320"]

1. d4 Nf6 2. c4 g6 3. Nc3 Bg7 4. Bg5 d6 5. e3 c5 6. Nf3 h6 7. Bh4 O-O 8. Be2 cxd4 9. exd4 g5 10.
Bg3 Nh5 11. d5 Nd7 12. Qc2 Nxg3 13. hxg3 Nf6 14. Nd4 e6 15. dxe6 fxe6 16. Rd1 Qe7 17. O-O a6 18. Na4 Bd7 19.
Nb6 Rae8 20. Bf3 e5 21. Nxd7 Qxd7 22. Nf5 e4 23. Nxg7 Kxg7 24. Be2 e3 25. Qc3 Qe6 26. fxe3 Qxe3+ 27. Qxe3 Rxe3 28. Bf3 Ne4 29. Rfe1 Rxe1+ 30. Rxe1 Nxg3 31. Bxb7 Rb8 32. Re7+ Kf6 33. Rh7 Nf5 34. b3 Kg6 35. Rd7 Re8 36. g4 Ne3 37. Rxd6+ Kg7 38. Bf3 Nc2 39. Rd2 Nb4 40. a3 Re3 41.
Kf2 Rxb3 42. axb4 Rxb4 43. c5 Kf6 44. Rd6+ Ke5 45. Rxh6 Rc4 46. c6 a5 47.
Rg6 Kf4 48. Rf6+ Ke5 49. Rf5+ Kd6 50. Rxa5 1-0

[Event "UK Open Blitz Championships 2024 - London Qualifier"]
[Site "London, United Kingdom"]
[Date "2024.09.21"]
[Round "10.4"]
[White "Roberson, Peter T"]
[Black "Shafi, Declan"]
[Result "1-0"]
[TimeControl "3 minutes + 2 seconds incr. from move 1"]
[WhiteTitle "IM"]
[WhiteFideId "412384"]
[BlackFideId "2405156"]
[WhiteElo "2346"]
[BlackElo "2113"]

1. e4 e5 2. Nf3 Nf6 3.
Nxe5 d6 4. Nf3 Nxe4 5. d3 Nf6 6. d4 d5 7. Bd3 Be7 8. O-O O-O 9. h3 Nbd7 10. Re1 Re8 11. Bf4 Nf8 12. Nbd2 Ng6 13. Bh2 Be6 14. c3 c5 15. dxc5 Bxc5 16.
Nb3 Bd6 17. Nbd4 Bxh2+ 18. Nxh2 a6 19. Nhf3 Qd7 20. Qd2 Qd6 21. Re3 Nf4 22. Rae1 Nxd3 23. Qxd3 Rad8 24. Ng5 Bd7 25. Rxe8+ Rxe8 26.
Rxe8+ Bxe8 27. Nf5 h6 28. Nxd6 1-0

[Event "UK Open Blitz Championships 2024 - London Qualifier"]
[Site "London, United Kingdom"]
[Date "2024.09.21"]
[Round "10.5"]
[White "Badacsonyi, Stanley"]
[Black "Mirzoeva, Elmira"]
[Result "1/2-1/2"]
[TimeControl "3 minutes + 2 seconds incr. from move 1"]
[WhiteTitle "FM"]
[BlackTitle "WGM"]
[WhiteFideId "486973"]
[BlackFideId "4127951"]
[WhiteElo "2332"]
[BlackElo "2094"]

1. d4 d5 2. c4 c6 3. cxd5 cxd5 4. Bf4 Nc6 5.
e3 Nf6 6. Nc3 a6 7. Be2 Bf5 8.
Nf3 e6 9. Qb3 Bb4 10. Ne5 Qe7 11. O-O O-O 12.
Rac1 Rac8 13. Na4 Na5 14. Qd1 b5 15. Nc3 Nc4 16. Bxc4 bxc4 17. Qa4 Qb7 18. Bg5 Be7 19. b3 cxb3 20. axb3 Rc7 21. Ne2 Rfc8 22.
Rxc7 Rxc7 23. Bxf6 gxf6 24. Qe8+ Bf8 25. Nf3 Qxb3 26. Nf4 Qb4 27. Nh4 Bg6 28. h3 Qe7 29. Qa8 Ra7 30. Qb8 Qc7 31. Qe8 Qe7 32. Qb8 Qc7 33.
Qe8 Qe7 1/2-1/2